 Dungeon Crawl Stone Soup version 0.25-a0-700-g7f8a797 (webtiles) character file.

Game seed: 15134087276081289294, levelgen mode: deterministic

22199 BlueFish the Brawler (level 12, -2/111 HPs)
             Began as a Troll Monk on Apr 2, 2020.
             Was a High Priest of Wu Jian.
             Slain by Rupert
             ... wielding a +5 great sword of holy wrath
              (27 damage)
             ... on level 3 of the Lair of Beasts.
             The game lasted 00:25:50 (10931 turns).

BlueFish the Brawler (Troll Monk)                  Turns: 10931, Time: 00:25:50

Health: -2/111     AC: 14    Str: 30    XL:     12   Next: 60%
Magic:  11/11      EV: 14    Int:  6    God:    Wu Jian [*****.]
Gold:   868        SH:  0    Dex: 16    Spells: 11/11 levels left

rFire    + . .     SeeInvis .     - Unarmed
rCold    . . .     Gourm    +   (no shield)
rNeg     + + .     Faith    .   L - +1 troll leather armour {Snorg}
rPois    .         Spirit   .   k - +1 hat
rElec    .         Reflect  .   K - +3 cloak of Inviolability {-Tele rF+ rN++ Dex+2}
rCorr    .         Harm     .   (gloves unavailable)
MR       .....     NoTele   +   (boots unavailable)
Stlth    +++.......             (no amulet)
HPRegen  1.08/turn              l - +2 ring of dexterity
MPRegen  0.12/turn              E - +4 ring of strength

@: no status effects
A: large, unfitting armour, claws 3, fast metabolism 3, gourmand, regeneration
1, shaggy fur 1, tough skin 3
a: Wall Jump, Serpent's Lash, Heavenly Storm, Renounce Religion


You were on level 3 of the Lair of Beasts.
You worshipped Wu Jian.
Wu Jian was extremely pleased with you.
You were very full.

You visited 3 branches of the dungeon, and saw 17 of its levels.

You collected 868 gold pieces.

Inventory:

Hand Weapons
 I - a +4 scimitar of flaming
Missiles
 A - 8 boomerangs (quivered)
 J - 18 silver boomerangs
Armour
 k - a +1 hat (worn)
 r - a +0 cloak
 K - the +3 cloak of Inviolability (worn) {-Tele rF+ rN++ Dex+2}
   (You found it on level 11 of the Dungeon)

   It affects your dexterity (+2).
   It protects you from fire.
   It greatly protects you from negative energy.
   It prevents most forms of teleportation.
 L - a +1 troll leather armour (worn) {Snorg}
Jewellery
 l - a +2 ring of dexterity (left claw)
 p - an uncursed ring of flight
 E - a +4 ring of strength (right claw)
Wands
 i - a wand of flame (32)
 s - a wand of enslavement (19)
 y - a wand of disintegration (16)
 B - a wand of random effects (9)
 C - a wand of digging (4)
 G - a wand of iceblast (9)
Scrolls
 d - 2 scrolls of teleportation
 f - 6 scrolls of remove curse
 h - 4 scrolls of fear
 q - 3 scrolls of immolation
 t - 5 scrolls of fog
 v - 3 scrolls of amnesia
 w - 3 scrolls of magic mapping
 M - a scroll of torment {unknown}
Potions
 c - 3 potions of flight
 e - 3 potions of brilliance
 g - 8 potions of curing
 j - 3 potions of mutation
 n - 4 potions of stabbing
 o - a potion of invisibility
 u - a potion of heal wounds
 x - a potion of lignification
 z - a potion of might
 F - 4 potions of haste
Miscellaneous
 D - a lightning rod (4/4)
Comestibles
 a - 2 chunks of flesh
 b - 29 rations


   Skills:
 * Level 5.6 Fighting
 + Level 0.1 Long Blades
 + Level 2.3 Armour
 + Level 7.1 Dodging
 + Level 5.4 Stealth
 * Level 15.9 Unarmed Combat
 + Level 0.9 Evocations


You had 11 spell levels left.
You didn't know any spells.
Your spell library contained the following spells:

 Spells                   Type           Power        Failure   Level  Hunger
 Animate Skeleton         Necr           N/A          50%         1    ##.....
 Apportation              Tloc           #.....       50%         1    ##.....
 Corona                   Hex            #......      50%         1    ##.....
 Summon Small Mammal      Summ           #...         50%         1    ##.....
 Ensorcelled Hibernation  Hex/Ice        #.....       63%         2    ###....
 Confusing Touch          Hex            #.......     86%         3    ####...
 Dazzling Flash           Conj/Hex       #.....       86%         3    ####...
 Tukima's Dance           Hex            #.......     86%         3    ####...


Dungeon Overview and Level Annotations

Branches:
Dungeon (13/15)            Temple (1/1) D:7            Lair (3/6) D:11
  Swamp (0/4) Lair:2
  Snake: Lair:2-4    Spider: Lair:2-4       Orc: D:9-12      Vaults: D:13-14

Altars:
Ashenzari
Cheibriados
Dithmenos
Elyvilon
Fedhas
Gozag
Hepliaklqana
Kikubaaqudgha
Makhleb
Nemelex Xobeh
Okawaru
Qazlal
Ru
Sif Muna
Trog
Uskayaw
Vehumet
Wu Jian
Xom
Yredelemnul
Zin
The Shining One

Shops:
D:9 [

Annotations:
Lair:3 Rupert


Innate Abilities, Weirdness & Mutations

You are too large for most types of armour.
You have claws for hands.
Your metabolism is lightning-fast.
You like to eat raw meat.
Your natural rate of healing is unusually fast.
You are covered in fur. (AC +1)
You have extremely tough skin. (AC +3)


Message History

The six-headed hydra is heavily wounded.
You barely miss the six-headed hydra.
The six-headed hydra is heavily wounded.
The six-headed hydra bites you.
The six-headed hydra bites you but does no damage. x2
The six-headed hydra barely misses you.
The six-headed hydra bites you but does no damage. x2
A worker ant comes into view.
Rupert hits you with a +5 great sword of holy wrath!!
* * * LOW HITPOINT WARNING * * *
You feel much better. The worker ant completely misses you.
A porcupine comes into view.
Rupert hits you with a +5 great sword of holy wrath.
* * * LOW HITPOINT WARNING * * *
A soldier ant comes into view.
The worker ant misses you.
You cannot teleport because you are wearing the +3 cloak of Inviolability {-Tele rF+ rN++ Dex+2}.
The sentinel's mark upon you fades away.
Rupert hits you with a +5 great sword of holy wrath!!
You die...

.......a...P# ##P.....##
........al.## #........##
..###....aa# ###.......# ..
###..rr## ##......## ##### ..
##...aF#####P.#....# #...# ..
##.....a.##.......#.######..
..####.......DF.....>........#...
..#.#........a.@.†......#....P...
................@.......#........
...÷........................##...
...............#............###..
P...##........##............##.#.
##...######.###.#.......#....##.#
<..### ### #.....#.......#.###
....# ##.....#.#P........ ...##
#......###........ ...#
#................#


You could see Rupert (berserk), a six-headed hydra, a komodo dragon, 2 spiny
frogs, a soldier ant, 2 porcupines and 5 worker ants.

Vanquished Creatures
  An ettin (Lair:3)
  Snorg (D:11)
  A hydra (Lair:3)
  A catoblepas (D:10)
  Harold (D:11)
  2 two-headed ogres
  Urug (Lair:3)
  Pikel (D:4)
  An ugly thing (D:12)
  A centaur zombie (D:10)
  Maurice (D:11)
  A black mamba (Lair:2)
  Psyche (D:10)
  3 spiny frogs (Lair:1)
  A rime drake (Lair:1)
  An efreet (D:13)
  4 komodo dragons (Lair:1)
  A hornet (D:10)
  A troll (D:12)
  3 tyrant leeches (Lair:2)
  5 hippogriffs
  Sigmund (D:3)
  A spriggan (D:11)
  10 yaks
  A shadow (D:9)
  3 wyverns
  2 wraiths (D:12)
  2 basilisks
  A human (D:11)
  A swamp worm (Lair:2)
  5 orc warriors
  4 water moccasins
  5 porcupines
  6 sky beasts
  Duvessa (D:4)
  An eye of draining (D:10)
  2 ice beasts
  A black bear (D:11)
  2 phantoms
  2 necrophages
  5 ogres
  6 wolves
  5 crocodiles
  A centaur (D:6)
  3 big kobolds (D:11)
  8 bullfrogs
  Dowan (D:4)
  2 scorpions
  A water moccasin skeleton (D:6)
  4 killer bees (D:10)
  3 wights (D:9)
  A howler monkey (D:10)
  3 crimson imps
  4 jellies
  A quasit (D:8)
  5 hounds
  3 centaur skeletons
  13 orc wizards
  2 bullfrog zombies
  6 orc priests
  Jessica (D:2)
  A bullfrog skeleton (D:6)
  2 iguanas
  6 worker ants
  2 hound zombies
  14 adders
  A gnoll (D:1)
  A howler monkey skeleton (D:10)
  A shadow imp (D:5)
  An ooze (D:3)
  4 worms
  A dart slug (D:1)
  4 leopard geckos
  35 orcs
  2 ball pythons
  2 giant cockroaches
  3 hobgoblins
  2 jackals (D:6)
  11 kobolds
  5 quokkas
  10 bats
  7 frilled lizards
  9 goblins
  A quokka skeleton (D:9)
  6 rats
293 creatures vanquished.

Vanquished Creatures (others)
  A slave (D:4)
  A centaur skeleton (D:4)
  6 fungi
  3 plants
11 creatures vanquished.

Grand Total: 304 creatures vanquished

Notes
Turn   | Place    | Note
-------+----------+-------------------------------------------
     0 | D:1      | BlueFish the Troll Monk began the quest for the Orb.
     0 | D:1      | Reached XP level 1. HP: 22/22 MP: 0/0
   270 | D:1      | Reached XP level 2. HP: 20/29 MP: 1/1
   414 | D:1      | Reached XP level 3. HP: 36/36 MP: 2/2
   859 | D:2      | Reached skill level 4 in Unarmed Combat
  1056 | D:2      | Reached XP level 4. HP: 44/44 MP: 3/3
  1089 | D:2      | Noticed Jessica
  1092 | D:2      | Killed Jessica
  1317 | D:2      | Reached XP level 5. HP: 53/53 MP: 4/4
  1678 | D:3      | Reached skill level 5 in Unarmed Combat
  1768 | D:3      | Noticed Sigmund
  1779 | D:3      | Killed Sigmund
  1779 | D:3      | Reached XP level 6. HP: 60/61 MP: 5/5
  1960 | D:3      | Reached skill level 6 in Unarmed Combat
  2452 | D:4      | Found a radiant altar of Vehumet.
  2579 | D:4      | Reached XP level 7. HP: 67/67 MP: 6/6
  2603 | D:4      | Found an opulent altar of Gozag.
  2637 | D:4      | Noticed Dowan
  2647 | D:4      | Killed Dowan
  2726 | D:4      | Noticed Duvessa
  2737 | D:4      | Killed Duvessa
  2778 | D:4      | Noticed Pikel
  2873 | D:4      | Killed Pikel
  2873 | D:4      | Reached skill level 8 in Unarmed Combat
  2873 | D:4      | Reached XP level 8. HP: 29/75 MP: 7/7
  3282 | D:5      | Entered Level 5 of the Dungeon
  3392 | D:5      | Found a hazy altar of Hepliaklqana.
  3444 | D:5      | Reached skill level 9 in Unarmed Combat
  3927 | D:6      | Reached XP level 9. HP: 28/83 MP: 8/8
  4113 | D:6      | Reached skill level 10 in Unarmed Combat
  4245 | D:7      | Found an iron altar of Okawaru.
  4512 | D:7      | Found a staircase to the Ecumenical Temple.
  4527 | Temple   | Entered the Ecumenical Temple
  4651 | Temple   | Became a worshipper of the Wu Jian Council
  4651 | Temple   | Reached * piety under Wu Jian
  4651 | Temple   | Reached ** piety under Wu Jian
  4987 | D:7      | Found a glowing golden altar of the Shining One.
  5227 | D:8      | Reached skill level 5 in Dodging
  5353 | D:8      | Reached skill level 11 in Unarmed Combat
  5609 | D:9      | Found Kesiatz's Armour Boutique.
  5775 | D:9      | Found a sacrificial altar of Ru.
  5896 | D:9      | Noticed a two-headed ogre
  5914 | D:9      | Killed a two-headed ogre
  5914 | D:9      | Reached XP level 10. HP: 89/92 MP: 9/9
  5972 | D:9      | Reached skill level 12 in Unarmed Combat
  6141 | D:10     | Entered Level 10 of the Dungeon
  6327 | D:10     | Reached *** piety under Wu Jian
  6571 | D:10     | Noticed a catoblepas
  6771 | D:10     | HP: 4/92 [catoblepas (28)]
  6772 | D:10     | Killed a catoblepas
  6921 | D:10     | Noticed Psyche
  6929 | D:10     | Killed Psyche
  7059 | D:10     | Reached skill level 13 in Unarmed Combat
  7134 | D:11     | Noticed Maurice
  7187 | D:10     | Paralysed by a hornet for 3 turns
  7285 | D:11     | Noticed a two-headed ogre
  7303 | D:11     | Killed a two-headed ogre
  7303 | D:11     | Reached XP level 11. HP: 70/101 MP: 10/10
  7423 | D:11     | Noticed Snorg
  7563 | D:11     | Killed Maurice
  7651 | D:11     | Found a staircase to the Lair.
  7666 | D:11     | Reached skill level 5 in Stealth
  7812 | D:11     | You fall into a shaft and drop 2 floors!
  7958 | D:13     | Reached **** piety under Wu Jian
  7973 | D:12     | Reached skill level 14 in Unarmed Combat
  8053 | D:12     | Noticed a purple ugly thing
  8059 | D:12     | Killed a purple ugly thing
  8183 | D:12     | Noticed a death knight
  8412 | D:11     | Got a shimmering cloak
  8418 | D:11     | Noticed Harold
  8427 | D:11     | Killed Harold
  8449 | D:11     | Killed Snorg
  8477 | D:11     | Identified the +3 cloak of Inviolability {-Tele rF+ rN++
                  | Dex+2} (You found it on level 11 of the Dungeon)
  8965 | Lair:1   | Entered Level 1 of the Lair of Beasts
  9054 | Lair:1   | Reached skill level 15 in Unarmed Combat
  9054 | Lair:1   | Reached XP level 12. HP: 80/110 MP: 11/11
  9308 | Lair:1   | Reached skill level 5 in Fighting
  9339 | Lair:1   | Reached skill level 1 in Armour
  9342 | Lair:1   | Reached ***** piety under Wu Jian
 10381 | Lair:2   | Found a staircase to the Swamp.
 10595 | Lair:3   | Noticed a six-headed hydra
 10598 | Lair:3   | Noticed an ettin
 10598 | Lair:3   | a six-headed hydra changed into an ettin
 10603 | Lair:3   | Killed an ettin
 10642 | Lair:3   | Noticed an eight-headed hydra
 10762 | Lair:3   | Noticed Urug
 10769 | Lair:3   | Killed Urug
 10844 | Lair:3   | Killed a four-headed hydra
 10904 | Lair:3   | Noticed Rupert
 10916 | Lair:3   | Noticed a five-headed hydra
 10931 | Lair:3   | Slain by Rupert

Levels and vault maps discovered:
D:1:      mrwooster_arrival_statue_3, layout_loops_corners
D:2:      minmay_diamond_boxcup, layout_loops_ring, minmay_quadrilaterals,
          uniq_jessica
D:3:      layout_loops_cross, uniq_sigmund
D:4:      layout_basic, lemuel_round_altar, vehumet_altar_wand_db,
          minmay_mini_jars, uniq_pikel, uniq_duvessa
D:5:      layout_gridville, first_ration, basic_altar
D:6:      layout_rooms
D:7:      layout_loops_ring, overflow_temple_1_default, tso_oasis_becter,
          minmay_temple_entry_statues_fountains
D:8:      layout_basic
D:9:      layout_basic, lemuel_doored_altar, serial_shops, shop
D:10:     layout_long_grid, uniq_psyche
D:11:     layout_basic, minmay_lair_entry_grove, hangedman_stone_soup,
          minmay_unpleasant_kobolds, uniq_harold, uniq_maurice, uniq_snorg
D:12:     layout_basic, minmay_orc_entry_temple_small, minmay_tree_intersection
D:13:     layout_irregular_city, david_vaults_4, ebering_ghost_funeral_grove,
          uniq_kirke
Temple:   bh_familiar_temple
Lair:1:   layout_regular_city, cheibrodos_lair_reptile_den
Lair:2:   layout_regular_city, minmay_swamp_entry_worms,
          infiniplex_staircase_pool_2, grunt_megastairs_2
Lair:3:   layout_gridlike, zaba_anthell, uniq_urug, uniq_rupert

Skill      XL: |  1  2  3  4  5  6  7  8  9 10 11 12 |
---------------+-------------------------------------+-----
Unarmed Combat | 4 5 6 8 9 11 13 15 | 15.9
Dodging        | 3 4 5 6 7 |  7.1
Fighting       | 3 4 5 |  5.6
Stealth        | 2 3 4 5 |  5.4
Armour         | 2 |  2.3
Long Blades    | |  0.1
Evocations     | |  0.9

Action                   |  1- 3 |  4- 6 |  7- 9 | 10-12 || total
-------------------------+-------+-------+-------+-------++-------
Melee: Unarmed           |    96 |   112 |   220 |   468 ||   896
       Punch             |     2 |     4 |    10 |    32 ||    48
       Scimitar          |       |       |       |     5 ||     5
Invok: Lunge             |       |       |    16 |    47 ||    63
       Whirlwind         |       |       |    12 |   143 ||   155
       Serpent's Lash    |       |       |       |     1 ||     1
Evoke: Wand              |       |       |       |    19 ||    19
  Use: Scroll            |     4 |     5 |     7 |     5 ||    21
       Potion            |       |       |       |     5 ||     5
 Stab: Sleeping          |     2 |     3 |     6 |    12 ||    23
       Petrifying        |       |       |       |     3 ||     3
       Distracted        |       |       |       |     2 ||     2
  Eat: Chunk             |    15 |    12 |    23 |    55 ||   105
Armor: Robe              |    52 |    32 |    47 |    62 ||   193
       Troll leather arm |       |       |       |    47 ||    47
Dodge: Dodged            |    46 |    40 |    87 |   211 ||   384
       Rpst.: Scimitar   |       |       |       |     1 ||     1

Table legend:
 A = Non-vault XP
 B = Vault XP
 C = Vault XP percentage of total XP
 D = Non-vault monster count
 E = Vault monster count
 F = Vault count percentage of total count
                 A         B        C        D         E       F
            +---------+---------+-------+---------+---------+-------
      Total |   22249 |    9465 |  29.8 |     235 |      58 |  19.8
            +---------+---------+-------+---------+---------+-------
        D:1 |      51 |       0 |   0.0 |      25 |       0 |   0.0
        D:2 |      90 |      71 |  44.1 |      14 |      13 |  48.1
        D:3 |     295 |     223 |  43.1 |      27 |       1 |   3.6
        D:4 |     154 |    1033 |  87.0 |       3 |      10 |  76.9
        D:5 |     351 |       0 |   0.0 |       9 |       0 |   0.0
        D:6 |     883 |       0 |   0.0 |      25 |       0 |   0.0
        D:7 |     147 |       0 |   0.0 |       4 |       0 |   0.0
        D:8 |    1219 |       0 |   0.0 |      11 |       0 |   0.0
        D:9 |    2438 |       0 |   0.0 |      22 |       0 |   0.0
       D:10 |    3660 |     474 |  11.5 |      32 |       2 |   5.9
       D:11 |    1602 |    5089 |  76.1 |      14 |      24 |  63.2
       D:12 |    2540 |       0 |   0.0 |      14 |       0 |   0.0
       D:13 |     449 |       0 |   0.0 |       3 |       0 |   0.0
     Lair:1 |    4593 |     694 |  13.1 |      19 |       2 |   9.5
     Lair:2 |     814 |    1013 |  55.4 |       4 |       4 |  50.0
     Lair:3 |    2963 |     868 |  22.7 |       9 |       2 |  18.2
            +---------+---------+-------+---------+---------+-------
